[Event "*** Titled Tuesday 3|2 Blitz"]
[Site "Chess.com"]
[Date "2017.05.02"]
[Round "6"]
[White "JSMastropiero"]
[Black "evgenyermolaev"]
[Result "0-1"]
[WhiteElo "2199"]
[BlackElo "2356"]
[TimeControl "180+2"]
[EndTime "14:20:02 PDT"]
[Termination "evgenyermolaev won by resignation"]

1. d4 Nf6 2. c4 c5 3. d5 g6 4. Nc3 Bg7 5. e4 d6 6. f3 O-O 7. Nge2 e6 8. Ng3 exd5 9. cxd5 Na6 10. Be2 Nc7 11. O-O Rb8 12. a4 Na6 13. Bf4 Nb4 14. Qd2 Ne8 15. Bh6 f5 16. Bxg7 Nxg7 17.
f4 fxe4 18. Ngxe4 Bf5 19. Bf3 a6 20. Rae1 b5 21. axb5 axb5 22. g4 Bxe4 23. Nxe4 Qh4 24. Nxd6 Qf6 25. Ne4 Qxf4 26. Qxf4 Rxf4 27. Nxc5 Rbf8 28.
d6 Rxf3 29. Rxf3 Rxf3 30. d7 Nc6 31. Re8+ Rf8 32. Rc8 Nd8 33. b4 Nge6 34. Nxe6 Nxe6 35. Re8 Kf7 36. Rc8 Rd8 37. Kf2 Rxd7 38. Rb8 Rd5 39.
Rb7+ Kg8 40. Kg3 Nd4 41. Kh4 h6 42. h3 Nc2 43. Rc7 Nxb4 44. Rb7 Nd3 45. Kg3 b4 46. Kf3 Ne5+ 47. Ke4 Rc5 48. Rxb4 Rc4+ 49. Rxc4 Nxc4 50.
h4 Kg7 51. Kd4 Nd6 52. Ke5 Nc4+ 53. Kf4 Kf6 54. Ke4 Ne5 55. Kf4 g5+ 56. hxg5+ hxg5+ 57. Kg3 Ke6 58. Kh3 Kd5 59. Kg3 Ke4 0-1

[Event "*** Titled Tuesday 3|2 Blitz"]
[Site "Chess.com"]
[Date "2017.05.02"]
[Round "6"]
[White "Noukii"]
[Black "biostatistician"]
[Result "1-0"]
[WhiteElo "2638"]
[BlackElo "2411"]
[TimeControl "180+2"]
[EndTime "14:20:24 PDT"]
[Termination "Noukii won on time"]

1. d4 Nf6 2. c4 g6 3. Nc3 Bg7 4.
Nf3 O-O 5. Bg5 b6 6. e3 Bb7 7. Qc2 d5 8. cxd5 Nxd5 9. Be2 c5 10. dxc5 Nxc3 11. bxc3 bxc5 12. Rb1 Qc7 13. O-O Nc6 14. Qa4 Ne5 15. Bf4 Bxf3 16. gxf3 Rab8 17. Kg2 Rb6 18.
Rfd1 Rfb8 19. Rb3 h6 20. Rd5 e6 21. Rd1 Qb7 22. Bxe5 Bxe5 23. Rd7 Rxb3 24. Rxb7 R3xb7 25.
Qa5 Rc7 26. f4 Bd6 27. h4 h5 28. Bc4 Kg7 29. Kf3 Rb6 30. a4 Be7 31. Kg3 Rd7 32. Bb5 Rc7 33. c4 Bd8 34. Qd2 Be7 35. Qa5 Bd8 36. Qc3+ Bf6 37. Qd3 Be7 38. Qe4 Rd6 39. Qa8 Rd8 40. Qe4 Bf6 41. a5 Rd2 42. Qa8 Rd8 43. Qh1 Rd2 44. a6 Rd8 45. Qe1 Rd6 46. Qa5 Rb6 47. Qd2 Be7 48. e4 Rd6 49. Qa5 Rc8 50. e5 Rd3+ 51. f3 Bd8 52. Qa2 Bc7 53. Qe2 Rcd8 54. Qe4 Rd1 55. Qb7 Ba5 56. Qxa7 Be1+ 57.
Kh3 Bf2 58. Qe7 R8d2 59. Qf6+ Kg8 60. f5 Rh1+ 61. Kg2 Rg1+ 62. Kh2 Be3+ 63. Kh3 Rh1+ 64.
Kg3 Rg1+ 65. Kh3 Rh1+ 66. Kg3 Rg1+ 67. Kh3 Rdd1 68. Qd8+ Kh7 69. fxg6+ Rxg6 70. Qxd1 Bf4 71. Qd3 Kg7 72. Qxg6+ 1-0

[Event "*** Titled Tuesday 3|2 Blitz"]
[Site "Chess.com"]
[Date "2017.05.02"]
[Round "6"]
[White "pedromartinez91"]
[Black "underdogchss"]
[Result "1/2-1/2"]
[WhiteElo "2308"]
[BlackElo "2394"]
[TimeControl "180+2"]
[EndTime "14:20:40 PDT"]
[Termination "Game drawn - insufficient material"]

1. Nf3 Nf6 2. g3 d5 3. Bg2 c6 4. O-O Bg4 5. Ne5 Bf5 6. c4 Nbd7 7. Nxd7 Qxd7 8. cxd5 cxd5 9. d4 e6 10. Nc3 Be7 11. f3 h5 12. Bg5 Ng8 13. Bxe7 Nxe7 14.
e4 Bg6 15. h4 Rd8 16. f4 dxe4 17. Nxe4 Qxd4+ 18. Qxd4 Rxd4 19. Nc3 b6 20. Rad1 Rd7 21. Rxd7 Kxd7 22. Rd1+ Kc8 23. Nb5 a6 24. Nd6+ Kc7 25. Nc4 Nc8 26. Ne5 Rd8 27. Rc1+ Kd6 28. Bb7 Ne7 29.
Bxa6 Ra8 30. Nc4+ Kc5 31. Ne5+ Kd4 32. Rd1+ Ke3 33. Nc4+ Ke2 34. Rd2+ Ke1 35. Bb5 Rxa2 36. Rg2 Ra1 37. Kh2 Rd1 38. Ne3 Rd2 39. Nc2+ Kd1 40.
Ne3+ Kc1 41. b4 Rxg2+ 42. Kxg2 Be4+ 43. Kf2 Nd5 44. Nxd5 Bxd5 45. Be8 f6 46. Bxh5 Kd2 47. Be2 Kc3 48. b5 Kb4 49. g4 Kc5 50. h5 Kd4 51. g5 fxg5 52. fxg5 Be4 53. Bf3 Bf5 54. Kg3 Ke5 55. Bg4 Be4 56. Bf3 Bf5 57. Bg4 Bd3 58. Kf3 Bxb5 59. h6 gxh6 60. gxh6 Bd3 61. Ke3 Bg6 62.
Bh3 b5 63. Bf1 b4 64. Bd3 Kf6 65. h7 Bxh7 66. Bxh7 Ke5 67. Be4 b3 68. Bb1 Kd5 69. Kd3 e5 70. Kc3 e4 71. Bxe4+ Kxe4 72. Kxb3 1/2-1/2

[Event "*** Titled Tuesday 3|2 Blitz"]
[Site "Chess.com"]
[Date "2017.05.02"]
[Round "6"]
[White "IMVoja"]
[Black "Msb2"]
[Result "0-1"]
[WhiteElo "2348"]
[BlackElo "2559"]
[TimeControl "180+2"]
[EndTime "14:21:01 PDT"]
[Termination "Msb2 won on time"]

1. Nf3 d5 2. d4 Nf6 3. Bg5 Ne4 4. Bh4 c5 5. e3 Qb6 6. Nc3 Nxc3 7.
bxc3 c4 8. Qc1 Bf5 9. Be2 e6 10. O-O Nc6 11. Rb1 Qa6 12. Qb2 b6 13. a4 Bd6 14. Ra1 O-O 15. Bg3 Bxg3 16. hxg3 h6 17. Nd2 Rfb8 18. Bf3 b5 19. e4 dxe4 20. Nxe4 b4 21. Nc5 Qc8 22. Bxc6 bxc3 23. Qxc3 Qxc6 24. f4 Rb6 25. Qxc4 Rb2 26. Rfc1 Rab8 27. a5 Be4 28. Qe2 Bd5 29. Nd3 R2b7 30. Ne5 Qc3 31. Qd3 Rc8 32.
Qxc3 Rxc3 33. Nd3 f6 34. Kf2 Rbc7 35. Nc5 e5 36. fxe5 fxe5 37. Nd3 Rxc2+ 38. Rxc2 Rxc2+ 39. Ke3 exd4+ 40. Kxd4 Bxg2 41. Nf4 Bc6 42. Re1 Kf7 43. Rf1 Bb5 44. Nd3+ Kg6 45. Ne5+ Kh7 46. Rf7 a6 47. Ra7 Rg2 48. g4 Ra2 49. Ke4 Rxa5 50. Kf5 Bd3+ 51.
Ke6 Bg6 52. Kd6 Ra4 53. Ke6 Bc2 54. Ra8 Bb3+ 55. Kf5 Bc2+ 56. Ke6 Bd1 57. Kf5 Ra5 58. Kf4 g5+ 59. Kf5 Bxg4+ 60. Kf6 Rxe5 61. Kxe5 Kg6 62. Rxa6+ Kh5 63. Ra2 Kh4 64. Rh2+ Bh3 65. Ke4 Kg3 66. Ra2 Bg2+ 67. Ke3 h5 68. Ra5 Kg4 69. Kf2 Be4 70.
Ra4 Kf4 71. Ra7 h4 72. Rf7+ Bf5 73. Kg2 g4 74. Kf2 Kg5 75. Rg7+ Bg6 76. Ra7 Kf4 77. Ra4+ Be4 78. Ra7 g3+ 79. Kg1 h3 80. Rf7+ Ke3 0-1

[Event "*** Titled Tuesday 3|2 Blitz"]
[Site "Chess.com"]
[Date "2017.05.02"]
[Round "6"]
[White "Hikaru"]
[Black "Michelangelo"]
[Result "1/2-1/2"]
[WhiteElo "2864"]
[BlackElo "2643"]
[TimeControl "180+2"]
[EndTime "14:21:09 PDT"]
[Termination "Game drawn - insufficient material"]

1. Nf3 e6 2. g3 b5 3. Bg2 Bb7 4.
Na3 b4 5. Nc4 c5 6. c3 Nf6 7.
O-O Be7 8. cxb4 cxb4 9. b3 O-O 10.
Bb2 a5 11. a3 Nc6 12. axb4 Nxb4 13. d3 d5 14. Na3 Rc8 15. Qd2 Nd7 16. Rfc1 Bf6 17.
d4 Qb6 18. e3 Ba6 19. Ne1 Be7 20. Qd1 Nf6 21. Nb1 Rxc1 22. Bxc1 Rc8 23. Bb2 Ne4 24. f3 Nd6 25. Nc3 Nf5 26. Na4 Qb8 27. Bc1 h5 28. Bd2 g6 29. Rc1 Rxc1 30. Qxc1 Bd6 31.
Nc5 Bb5 32. Qa1 Qc7 33. Qc3 h4 34. f4 hxg3 35. Nf3 gxh2+ 36. Kxh2 Qe7 37. Qa1 Qc7 38.
Qc3 Qe7 39. Qa1 Qc7 40. Qc1 Nd3 41. Nxd3 Bxd3 42. Qe1 Be4 43. Bxa5 Qc2 44. Bd2 Qxb3 45. Ng5 Bxg2 46. Kxg2 Qc2 47. Qf2 Be7 48. Nf3 Nd6 49.
Be1 Qe4 50. Qe2 Nf5 51. Bf2 g5 52. fxg5 Bxg5 53. Kh2 Bxe3 54. Bxe3 Qxe3 55. Qg2+ Kf8 56. Qg4 Qh6+ 57. Kg1 Qg7 58. Qg2 Qxg2+ 59. Kxg2 f6 60. Kh3 Kf7 61. Kg4 Kg6 62. Kh3 Ne7 63. Kg4 Nc6 64. Nh4+ Kf7 65. Nf3 Ke7 66. Kg3 Kd6 67.
Kf2 e5 68. dxe5+ fxe5 69. Ke3 Nd8 70. Ng5 Ke7 71. Nf3 Kf6 72. Nh2 Nf7 73. Nf3 Nd6 74.
Nh2 d4+ 75. Kd3 Ke6 76. Ng4 Nb7 77. Kc4 Na5+ 78. Kd3 Nc6 79. Ke4 Kd6 80. Nxe5 Nxe5 81. Kxd4 1/2-1/2

[Event "*** Titled Tuesday 3|2 Blitz"]
[Site "Chess.com"]
[Date "2017.05.02"]
[Round "6"]
[White "Olkaa"]
[Black "Vegan4future"]
[Result "0-1"]
[WhiteElo "2468"]
[BlackElo "2297"]
[TimeControl "180+2"]
[EndTime "14:21:16 PDT"]
[Termination "Vegan4future won by resignation"]

1. g3 Nf6 2. b3 g6 3. Bb2 Bg7 4. Bg2 O-O 5. e3 d6 6. Ne2 e5 7. d3 c6 8. h3 Be6 9. O-O Nbd7 10. Nd2 Qc7 11. a3 d5 12. Kh2 Rac8 13.
c4 Qd6 14. b4 Rfd8 15. c5 Qe7 16. Qc2 Ne8 17. f4 f5 18. fxe5 Nxe5 19. Nd4 Bd7 20. Rae1 Nc7 21. N2b3 Re8 22. Na5 Rb8 23. Nf3 Nxf3+ 24.
Bxf3 Bxb2 25. Qxb2 b6 26. cxb6 axb6 27. Nb3 Qe5 28. Qc2 Ne6 29. Bg2 Ra8 30. d4 Qd6 31. Ra1 Ng5 32. Qf2 Ne4 33. Qf4 Qxf4 34. exf4 Nc3 35. Rfc1 Re3 36. a4 Nxa4 37. Nd2 b5 38. Nf3 Rc8 39. Ne5 Be8 40. g4 fxg4 41. Bxd5+ Kg7 42.
hxg4 h5 43. gxh5 gxh5 44. Bxc6 Bxc6 45. Rxc6 Rxc6 46. Nxc6 Re4 47. Kg3 Kf6 48. Rh1 Re3+ 49. Kf2 Rc3 50. Ne5 Rc2+ 51. Ke3 Rb2 52. Nc6 Rc2 53. d5 Rc4 54. Rxh5 Nc3 55. Rh6+ Kg7 56. Rd6 Re4+ 57. Kf3 Rc4 58. Kg4 Ne2 59. Kg5 Nxf4 60. Rd7+ Kf8 61. Ne5 Nh3+ 62. Kf5 Rxb4 63. d6 Rf4+ 64. Ke6 Ng5+ 65. Kd5 Rf1 66. Re7 Rd1+ 67. Kc5 b4 68. Ng6+ Kg8 69. d7 Nf7 70. Kc6 b3 71.
Re8+ Kg7 72. Ne7 b2 73. Rg8+ Kf6 74. Rb8 Ne5+ 75. Kc7 Rxd7+ 76. Kc8 Rd2 77. Nd5+ Ke6 78.
Nc3 Nc6 79. Rb6 Rd6 80. Na4 Ne7+ 81. Kc7 Rxb6 0-1

[Event "*** Titled Tuesday 3|2 Blitz"]
[Site "Chess.com"]
[Date "2017.05.02"]
[Round "6"]
[White "matiss90"]
[Black "SCIM"]
[Result "1/2-1/2"]
[WhiteElo "2348"]
[BlackElo "2383"]
[TimeControl "180+2"]
[EndTime "14:21:42 PDT"]
[Termination "Game drawn - insufficient material"]

1. e4 c5 2. Nf3 e6 3. d4 cxd4 4.
Nxd4 Nc6 5. Nc3 Qc7 6. Be2 Nf6 7.
O-O Be7 8. Be3 O-O 9. Kh1 d6 10.
f4 Nxd4 11. Bxd4 b6 12. Qe1 Bb7 13. Qg3 Kh8 14. e5 dxe5 15. Bxe5 Qc6 16. Bf3 Qc8 17.
Ne4 Rg8 18. Ng5 Rf8 19. Bxb7 Qxb7 20. Qh3 h6 21. f5 exf5 22. Rxf5 Kg8 23. Bxf6 Bxf6 24.
Rxf6 hxg5 25. Rf5 Qe7 26. Raf1 Rac8 27. c3 Rc5 28. Rxc5 Qxc5 29. Qd3 Re8 30. h3 g6 31. a4 Kg7 32. b4 Qe5 33. Rd1 Re7 34. Kg1 Qf4 35.
Qd4+ Qxd4+ 36. Rxd4 Re1+ 37. Kf2 Ra1 38. b5 Kf6 39.
Rd7 Rxa4 40. Ke3 Ke6 41. Rc7 f5 42. c4 Ke5 43. Re7+ Kd6 44. Rg7 Rxc4 45. Rxg6+ Ke5 46.
Rxg5 Rc3+ 47. Kd2 Rb3 48. g4 Rxh3 49. Rxf5+ Kd4 50. Ke2 Rg3 51. g5 Ke4 52. Rf7 Rxg5 53. Rxa7 Rxb5 54. Kd2 Rc5 55. Ra3 b5 56. Rb3 Kd4 57. Rd3+ Ke5 58. Rc3 Rd5+ 59. Kc1 Kd4 60. Rh3 b4 61. Kb1 Kc4 62. Rh1 Kb3 63. Rg1 Rd2 64. Rh1 Ka3 65. Rg1 Re2 66. Rh1 Rg2 67. Rf1 b3 68. Re1 Rb2+ 69. Ka1 Rd2 70. Rf1 Ra2+ 71.
Kb1 Rg2 72. Re1 Rf2 73. Rd1 Rb2+ 74. Ka1 Ra2+ 75. Kb1 Kb4 76. Re1 Rd2 77. Rf1 Kc3 78. Re1 Rb2+ 79. Ka1 Ra2+ 80. Kb1 Ra4 81. Rf1 Rd4 82.
Re1 Rd3 83. Rf1 b2 84. Re1 Kb3 85. Re3 Rc3 86. Rd3 Kc4 87. Rd2 Rb3 88. Rxb2 Rxb2+ 89. Kxb2 1/2-1/2

[Event "*** Titled Tuesday 3|2 Blitz"]
[Site "Chess.com"]
[Date "2017.05.02"]
[Round "6"]
[White "Spartakus1975"]
[Black "wonderfultime"]
[Result "1-0"]
[WhiteElo "2606"]
[BlackElo "2578"]
[TimeControl "180+2"]
[EndTime "14:22:07 PDT"]
[Termination "Spartakus1975 won on time"]

1. e4 c5 2. c3 Nf6 3. e5 Nd5 4. Nf3 Nc6 5. Bc4 Nb6 6. Bb3 e6 7. d4 cxd4 8. cxd4 d6 9. Qe2 Be7 10. O-O O-O 11. Nc3 dxe5 12. dxe5 Nd4 13. Nxd4 Qxd4 14.
Rd1 Qb4 15. Be3 Rd8 16. Rxd8+ Bxd8 17. Rd1 Be7 18. Bc2 Qa5 19. Qd3 g6 20. Bh6 Bd7 21. Qe3 Bc6 22. Bb3 Qb4 23. Rd4 Qc5 24. h4 Nd7 25.
Bf4 Rd8 26. Qd2 Qa5 27. Nd5 Qxd2 28. Nxe7+ Kf8 29. Rxd2 Kxe7 30. Bg5+ Ke8 31. Bxd8 Kxd8 32. f4 Ke7 33. Bc2 h5 34. g3 Nb6 35. Bb3 Nd7 36. Kf2 Nc5 37. Bc2 a5 38. Ke3 Bd5 39.
a3 b6 40. Kd4 Bb3 41. Kc3 Bd5 42. b4 axb4+ 43. axb4 Na6 44. Bb3 Nc7 45. Bxd5 exd5 46.
Ra2 Ke6 47. Kd3 Kd7 48. Ra7 Kc6 49. Ra1 Kd7 50. Kd4 Ke6 51. Kd3 Kd7 52. Rc1 Nb5 53. Ke3 Na7 54. Kd4 Nc6+ 55. Kc3 Na7 56. Ra1 Nb5+ 57.
Kb3 Nc7 58. Ra7 Kc8 59. Ka4 Kb8 60. Rxc7 Kxc7 61. b5 Kd7 62. Kb4 Ke6 63. Kc3 Kf5 64. Kd4 Kg4 65. Kxd5 Kxg3 66. Kc6 Kxh4 67. Kxb6 Kg4 68.
Kc7 h4 69. b6 h3 70. b7 h2 71.
b8=Q h1=Q 72. Kd7 Qd5+ 73. Qd6 Qb7+ 74. Ke8 Kxf4 75. e6+ Kg4 76. e7 1-0

[Event "*** Titled Tuesday 3|2 Blitz"]
[Site "Chess.com"]
[Date "2017.05.02"]
[Round "6"]
[White "penguingm1"]
[Black "Alexander_Moskalenko"]
[Result "1/2-1/2"]
[WhiteElo "2593"]
[BlackElo "2676"]
[TimeControl "180+2"]
[EndTime "14:22:37 PDT"]
[Termination "Game drawn by repetition"]

1. d4 d5 2. c4 e6 3. Nc3 Nf6 4. cxd5 exd5 5. Bg5 c6 6. e3 Be7 7.
Bd3 Nbd7 8. Qc2 Nh5 9. Bxe7 Qxe7 10. Nge2 Nb6 11. O-O-O g6 12. Kb1 Be6 13. Rc1 Ng7 14. f3 O-O-O 15. e4 Kb8 16. e5 Bf5 17. Bxf5 Nxf5 18.
g4 Ng7 19. Na4 Nxa4 20. Qxa4 f5 21. Rc3 fxg4 22. fxg4 Rhf8 23. Rb3 Rf2 24. Nc3 Ne6 25. Rd1 Ka8 26. h3 Rdf8 27. Ra3 a6 28. Rb3 Rf1 29. a3 Rxd1+ 30. Nxd1 Rf4 31. Rb4 Ng5 32. Nc3 Ne4 33. Qc2 Rf1+ 34. Ka2 Rf2 35. Qc1 Qf7 36. Na4 Qf8 37. Qd1 Rf1 38. Qb3 Nd2 39. Nb6+ Ka7 40. Qc2 Ne4 41. Qb3 Rf3 42. Qc2 Qe8 43. Na4 h5 44.
Nc5 Nxc5 45. Qxc5+ Ka8 46. Qb6 Qe7 47. gxh5 gxh5 48.
Rb3 Rxb3 49. Qxb3 Qe6 50. Qf3 Ka7 51. Qc3 h4 52. Qc5+ Ka8 53. Qf8+ Ka7 54. Qf6 Qxh3 55. e6 Qd3 56. Qxh4 Qc4+ 57. Kb1 Qd3+ 58. Kc1 Qe3+ 59. Kc2 Qxe6 60. Qf4 Qe2+ 61. Kc1 a5 62. Qf6 Ka6 63. Kb1 Kb5 64. Ka2 Qc4+ 65. Ka1 Ka4 66. Kb1 Qd3+ 67. Ka2 Qb3+ 68. Kb1 Qd1+ 69.
Ka2 Qd3 70. Qg7 Qc4+ 71. Kb1 b6 72. Qf6 Kb5 73. Qe5 Qd3+ 74. Ka2 Kc4 75. Qf6 Qb3+ 76. Kb1 Kb5 77. Qg7 Qd1+ 78. Ka2 Qf3 79. Qg6 Qe4 80. Qf6 a4 81. Ka1 Qe1+ 82. Ka2 Qe2 83.
Ka1 Qe8 84. Qf2 Qe4 85. Qd2 Ka6 86. Qc3 Kb7 87. Qb4 c5 88. Qxa4 Qxd4 89. Qxd4 cxd4 90.
Kb1 Kc6 91. Kc2 Kb5 92. b3 Kc6 93. Kd2 Kd6 94. Ke2 Kc6 95. Kd2 Kd6 96. Kd3 Kc5 97.
Kc2 Kc6 98. Kd2 Kd6 99. Kd3 Kc5 100. Kc2 Kd6 101. Kd2 Kc6 102. Kd3 Kc5 103. Kc2 Kc6 104. Kd2 Kd6 105. Kd3 1/2-1/2

[Event "*** Titled Tuesday 3|2 Blitz"]
[Site "Chess.com"]
[Date "2017.05.02"]
[Round "6"]
[White "kleinebeer98"]
[Black "Gordima"]
[Result "0-1"]
[WhiteElo "2463"]
[BlackElo "2600"]
[TimeControl "180+2"]
[EndTime "14:23:05 PDT"]
[Termination "Gordima won by checkmate"]

1. e4 c5 2. Nf3 e6 3. b3 d6 4. Bb2 Nc6 5. d4 cxd4 6. Nxd4 Nf6 7. Nxc6 bxc6 8. e5 dxe5 9. Qxd8+ Kxd8 10. Bxe5 Nd7 11. Bb2 f6 12. Nd2 Bb4 13. O-O-O Kc7 14. f4 a5 15. a3 Be7 16. Nc4 Nc5 17. Be2 Ba6 18. Rhe1 Rhd8 19. Rxd8 Bxd8 20. Bc3 Kd7 21. Bd4 Ne4 22. Bd3 Bxc4 23. Bxe4 Bd5 24. Bxh7 Bc7 25. g3 Rh8 26. Bd3 Rxh2 27. c4 Bf3 28. Bc3 Rg2 29. Re3 Rxg3 30. Kb2 Bxf4 31. Re1 Bc7 32.
b4 axb4 33. axb4 Rg2+ 34. Kb3 Bg4 35. Be4 Rg3 36. Kb2 Bf5 37. Bh1 Rd3 38. b5 cxb5 39. cxb5 Bb6 40. Bc6+ Kc7 41. Ra1 Bd4 42. Bxd4 Rxd4 43.
Ra7+ Kb6 44. Rb7+ Kc5 45. Rxg7 Be4 46. Rc7 Bxc6 47. Rxc6+ Kd5 48. Kb3 Rd1 49. Rc8 Rb1+ 50. Ka4 f5 51. Ka5 e5 52. b6 f4 53. Ka6 f3 54. b7 Ra1+ 55. Kb6 Rb1+ 56. Kc7 e4 57.
Rd8+ Ke5 58. Re8+ Kf4 59. Re6 Rxb7+ 60. Kxb7 e3 61. Kc6 f2 62. Kd5 e2 63. Rxe2 f1=Q 64.
Re4+ Kf5 65. Re5+ Kf6 66. Re6+ Kf7 67. Rd6 Qb5+ 68. Ke4 Ke7 69. Rd5 Qc6 70. Kd4 Ke6 71. Re5+ Kd6 72. Rf5 Qa4+ 73. Ke3 Qc4 74. Rh5 Qg4 75.
Ra5 Qg3+ 76. Kd4 Qh4+ 77. Kd3 Qb4 78. Rg5 Qb1+ 79. Kd4 Qd1+ 80. Ke4 Qe2+ 81. Kf4 Ke6 82. Kg3 Kf6 83. Rg4 Qe3+ 84. Kh4 Kf5 85. Rg8 Qe4+ 86. Kh3 Qd3+ 87. Kh2 Qd2+ 88. Rg2 Qh6+ 89. Kg1 Kf4 90. Rh2 Qg5+ 91. Kh1 Kf3 92. Rc2 Qh4+ 93. Kg1 Qg5+ 94. Kh1 Qh6+ 95. Rh2 Qc1# 0-1

[Event "*** Titled Tuesday 3|2 Blitz"]
[Site "Chess.com"]
[Date "2017.05.02"]
[Round "6"]
[White "Indianlad"]
[Black "NewBornNow"]
[Result "1/2-1/2"]
[WhiteElo "2650"]
[BlackElo "2554"]
[TimeControl "180+2"]
[EndTime "14:25:19 PDT"]
[Termination "Game drawn by repetition"]

1. d4 d6 2. Nf3 Nf6 3. g3 g6 4.
Bg2 Bg7 5. O-O O-O 6. Re1 Nbd7 7. e4 e5 8. dxe5 dxe5 9. a4 a5 10. b3 b6 11. Bb2 Qe7 12. Nbd2 Bb7 13. Qe2 Rfe8 14. Rad1 Qc5 15. Qc4 Rad8 16. Qxc5 Nxc5 17. Nxe5 Nfxe4 18. Nxe4 Rxd1 19. Rxd1 Bxe4 20. Bxe4 Nxe4 21. f4 Nd6 22. Kf2 g5 23. Kf3 gxf4 24. gxf4 Re6 25. Rg1 f6 26. Nc6 Nf5 27. Nd4 Nxd4+ 28. Bxd4 Kf7 29.
f5 Re8 30. Be3 Re5 31. Bf4 Rxf5 32. Ke4 Rc5 33. c4 f5+ 34. Kf3 Be5 35. Rd1 Bxf4 36. Kxf4 Rc6 37. Rd7+ Kg6 38. h4 Rc5 39. h5+ Kxh5 40.
Rxh7+ Kg6 41. Rd7 Kf6 42. Rh7 Ke6 43. Rh6+ Kd7 44. Rf6 Rc6 45. Rf7+ Kd6 46. Rxf5 Rc5 47. Rf6+ Ke7 48. Rh6 Kd7 49. Ke4 Rg5 50. Rh3 Kc6 51.
Kd4 Rg4+ 52. Kc3 Rg5 53. Kb2 Kc5 54. Ka3 c6 55. Rh8 Rg1 56. Rh5+ Kd6 57. Rh6+ Kc5 58. Rh5+ Kd6 59. Rh2 Kc5 60. Rc2 Ra1+ 61. Kb2 Rd1 62. Ka3 Kd4 63. Rh2 Ra1+ 64. Kb2 Re1 65. Rh4+ Re4 66.
Rh6 Kc5 67. Ka3 Re1 68. Rh5+ Kd4 69. Rh4+ Kc3 70. Rh3+ Kc2 71. Rh2+ Kc3 72. Rh3+ Kd4 73. Rh4+ Re4 74. Rh6 Re1 75. Rh4+ Kd3 76. Rh3+ Re3 77.
Rh2 Kc3 78. Rg2 Rd3 79. Rh2 c5 80. Rg2 Rd2 81. Rg3+ Kc2 82. Ka2 Rd3 83. Rg2+ Kc3 84. Ka3 Rd1 85. Rg3+ Kc2 86. Rg2+ Rd2 87. Rg1 Kc3 88.
Rg3+ Rd3 89. Rg2 Rh3 90. Rf2 Rg3 91. Rh2 Rg1 92. Rh3+ Kd4 93. Kb2 Rg2+ 94. Ka3 Re2 95. Rh4+ Kd3 96. Rh3+ Kc2 97. Ka2 Kc1+ 98. Ka3 Kb1 99.
Rh1+ Kc2 100. Ka2 Kc3+ 101. Ka3 Re3 102. Rh2 Rd3 103. Rh6 Rd1 104. Rh3+ Kc2 105. Rh2+ Kb1 106. Rb2+ Kc1 107. Rh2 Rd2 108. Rh1+ Kc2 109. Rh6 Rd1 110. Rh2+ Kb1 111. Rb2+ Kc1 112. Rh2 Rd3 113. Rh1+ Kc2 114. Rh2+ Kc3 115. Rh6 Kc2 116. Rh2+ Rd2 117. Rh6 Kc1 118. Rh1+ Rd1 119. Rh2 Rd3 120. Rh1+ Kc2 121. Ka2 Kc3 122. Ka3 Kc2 1/2-1/2

[Event "*** Titled Tuesday 3|2 Blitz"]
[Site "Chess.com"]
[Date "2017.05.02"]
[Round "7"]
[White "djogrodek1"]
[Black "vpantev"]
[Result "0-1"]
[WhiteElo "2414"]
[BlackElo "2470"]
[TimeControl "180+2"]
[EndTime "14:28:03 PDT"]
[Termination "vpantev won by resignation"]

1. e4 c6 2. d4 d5 3. Nd2 dxe4 4. Nxe4 Nf6 5. Nxf6+ exf6 6. c3 Bd6 7. Bd3 O-O 8. Qc2 Re8+ 9. Ne2 Kh8 10. O-O Qc7 11.
h3 Nd7 12. Be3 Nf8 13. c4 Be6 14. Rad1 Ng6 15. b3 Qd7 16. Be4 Bxh3 17. gxh3 Qxh3 18. Rfe1 Bh2+ 19. Kh1 Bf4+ 20. Kg1 Bxe3 0-1

[Event "*** Titled Tuesday 3|2 Blitz"]
[Site "Chess.com"]
[Date "2017.05.02"]
[Round "7"]
[White "SCIM"]
[Black "JusticeBot"]
[Result "1-0"]
[WhiteElo "2394"]
[BlackElo "2478"]
[TimeControl "180+2"]
[EndTime "14:28:53 PDT"]
[Termination "SCIM won by resignation"]

1. d4 Nf6 2. c4 g6 3. Nc3 Bg7 4. e4 O-O 5. f3 d6 6. Be3 e5 7. d5 a5 8. Bd3 Na6 9. Nge2 c6 10. O-O Nc7 11. Rc1 b5 12. dxc6 bxc4 13. Bxc4 Ba6 14. Bxa6 Rxa6 15. Nd5 Qb8 16. b3 Rd8 17.
Kh1 Nfe8 18. Nec3 Rxc6 19. Ne7+ 1-0

[Event "*** Titled Tuesday 3|2 Blitz"]
[Site "Chess.com"]
[Date "2017.05.02"]
[Round "7"]
[White "Alexander_Donchenko"]
[Black "spectralsoul"]
[Result "1/2-1/2"]
[WhiteElo "2522"]
[BlackElo "2644"]
[TimeControl "180+2"]
[EndTime "14:31:14 PDT"]
[Termination "Game drawn by agreement"]

1. Nf3 Nf6 2. c4 c5 3. Nc3 e6 4.
g3 b6 5. Bg2 Bb7 6. O-O Be7 7.
Re1 Ne4 8. Nxe4 Bxe4 9. d3 Bb7 10. e4 O-O 11. Bf4 d6 12. a3 Nd7 13. Rc1 Qc7 14.
d4 cxd4 15. Nxd4 a6 16. Qd2 Rac8 17. b4 Ne5 18. Bxe5 dxe5 19. Nb3 Rfd8 20. Qc3 Bc6 21.
Red1 Ba4 22. Rxd8+ Rxd8 23. Bf1 h5 24. c5 Bxb3 25.
Qxb3 bxc5 26. bxc5 Bxc5 27. Qc3 Rc8 28. Kg2 Qd6 29. Qd3 Ra8 30. Qxd6 Bxd6 31. Rc6 Bxa3 32. Rxa6 Rxa6 33. Bxa6 1/2-1/2

[Event "*** Titled Tuesday 3|2 Blitz"]
[Site "Chess.com"]
[Date "2017.05.02"]
[Round "7"]
[White "GamayevOleg"]
[Black "ehrenfeld"]
[Result "1-0"]
[WhiteElo "2420"]
[BlackElo "2391"]
[TimeControl "180+2"]
[EndTime "14:31:24 PDT"]
[Termination "GamayevOleg won by resignation"]

1. g3 e5 2. Bg2 d5 3. d3 c6 4. Nc3 Nf6 5. e4 Bb4 6. Bd2 d4 7. Nce2 Bxd2+ 8. Qxd2 O-O 9. Nf3 Qd6 10. O-O c5 11. a4 Nc6 12. Ne1 Be6 13. h3 Nd7 14. f4 f6 15. b3 b6 16. Kh2 a6 17. Nf3 b5 18. axb5 axb5 19. h4 c4 20. bxc4 bxc4 21. Bh3 Bxh3 22. Kxh3 c3 23. Qd1 Nb4 24. Rxa8 Rxa8 25.
Qb1 Ra2 26. fxe5 fxe5 27. Qb3+ Kf8 28. Nxe5+ Ke7 29. Rf7+ Ke8 30. Rxd7 1-0

[Event "*** Titled Tuesday 3|2 Blitz"]
[Site "Chess.com"]
[Date "2017.05.02"]
[Round "7"]
[White "JSMastropiero"]
[Black "Rating-Schmating"]
[Result "1-0"]
[WhiteElo "2207"]
[BlackElo "2198"]
[TimeControl "180+2"]
[EndTime "14:31:31 PDT"]
[Termination "JSMastropiero won by checkmate"]

1. d4 Nf6 2. c4 e6 3. Nc3 Bb4 4.
e3 b6 5. Ne2 c5 6. a3 Ba5 7. Rb1 Na6 8. Ng3 O-O 9. Bd3 Bb7 10.
O-O Bxc3 11. bxc3 d6 12. e4 d5 13. cxd5 exd5 14. Bg5 dxe4 15. Bxe4 Rb8 16. Bxb7 Rxb7 17. Nh5 cxd4 18. Bxf6 Qd5 19. Qg4 g6 20. Bxd4 f5 21.
Qg5 Rbf7 22. Nf4 Qd8 23. h4 Nc7 24. Qh6 Qd7 25. Nxg6 Qe6 26. h5 hxg6 27. Qh8# 1-0

[Event "*** Titled Tuesday 3|2 Blitz"]
[Site "Chess.com"]
[Date "2017.05.02"]
[Round "7"]
[White "Marreuh"]
[Black "Enzy63"]
[Result "0-1"]
[WhiteElo "2081"]
[BlackElo "2043"]
[TimeControl "180+2"]
[EndTime "14:31:52 PDT"]
[Termination "Enzy63 won by checkmate"]

1. e4 c5 2. c3 e6 3. d4 d5 4. e5 Nc6 5. Nf3 Bd7 6. Be2 f6 7. O-O fxe5 8. dxe5 Qc7 9. Bf4 Nh6 10.
c4 d4 11. Nbd2 Nf7 12. Kh1 Be7 13. Re1 g5 14. Bg3 O-O-O 15. Bd3 Rdg8 16. Ne4 h5 17.
Nf6 Rg7 18. Nd2 h4 19. Nh5 Rgg8 20. Nf6 Bxf6 21. exf6 hxg3 22. fxg3 Qxg3 23. Nf3 g4 24. Kg1 Qd6 25. Nd2 Qxh2+ 26. Kf2 Qf4+ 27. Ke2 Qe3+ 28.
Kf1 Rh1# 0-1

[Event "*** Titled Tuesday 3|2 Blitz"]
[Site "Chess.com"]
[Date "2017.05.02"]
[Round "7"]
[White "djano"]
[Black "ChristopherYoo"]
[Result "1-0"]
[WhiteElo "2361"]
[BlackElo "2233"]
[TimeControl "180+2"]
[EndTime "14:32:15 PDT"]
[Termination "djano won on time"]

1. d4 Nf6 2. Nc3 d5 3. Bf4 g6 4.
Qd2 Bg7 5. Bh6 O-O 6. h4 c5 7.
Bxg7 Kxg7 8. e3 Nc6 9. O-O-O c4 10. h5 b5 11. hxg6 fxg6 12. e4 dxe4 13. Qh6+ Kf7 14.
f3 exf3 15. Nxf3 Nb4 16. Ng5+ Ke8 17. Nxh7 Nxh7 18. Qxg6+ Kd7 19. Rxh7 Qc7 20. Kb1 Qc6 21.
Qg7 1-0

[Event "*** Titled Tuesday 3|2 Blitz"]
[Site "Chess.com"]
[Date "2017.05.02"]
[Round "7"]
[White "DavidForthoffer"]
[Black "Larax"]
[Result "1-0"]
[WhiteElo "2104"]
[BlackElo "1987"]
[TimeControl "180+2"]
[EndTime "14:32:18 PDT"]
[Termination "DavidForthoffer won on time"]

1. d4 Nf6 2. c4 g6 3. Nc3 d5 4. Nf3 Bg7 5. e3 O-O 6. Bd2 c6 7. Qb3 b6 8. Ne5 Nfd7 9. Nxd7 Nxd7 10. cxd5 c5 11. dxc5 Nxc5 12. Qc2 Bf5 13. e4 Bxc3 14.
exf5 Bxd2+ 15. Qxd2 Qd6 16. fxg6 hxg6 17. Bc4 Rad8 18. Rd1 Ne4 19. Qd4 Qb4+ 20. Ke2 Nd6 21. Bb3 Qb5+ 22. Qd3 Qb4 23. Rhe1 a5 24. a3 Qf4 25. g3 Qf3+ 26. Qxf3 1-0

[Event "*** Titled Tuesday 3|2 Blitz"]
[Site "Chess.com"]
[Date "2017.05.02"]
[Round "7"]
[White "Bryakin_Mikhail"]
[Black "matiss90"]
[Result "0-1"]
[WhiteElo "2512"]
[BlackElo "2360"]
[TimeControl "180+2"]
[EndTime "14:32:23 PDT"]
[Termination "matiss90 won on time"]

1. d4 Nf6 2. c4 g6 3. Nc3 Bg7 4. e4 d6 5. h3 O-O 6. Be3 e5 7. d5 a5 8. Nf3 Na6 9. Bd3 Nc5 10.
Bc2 b6 11. a3 a4 12. Bxc5 bxc5 13. Bxa4 Nh5 14. b4 cxb4 15. axb4 Nf4 16. O-O f5 17.
exf5 gxf5 18. Nb5 e4 19. Nfd4 Qg5 20. g3 Nxh3+ 21. Kh2 f4 22. Qe2 Be5 23. Qxe4 fxg3+ 24. Kh1 Rxf2 25. Qg2 Rxg2 26. Kxg2 Nf4+ 27. Rxf4 Qxf4 0-1